 Dungeon Crawl Stone Soup version 0.31-a0-986-g5e6e4ef867 (webtiles) character file.

Game seed: 6635204311628689161

40209 AppTheSpectato the Eclecticist (level 13, -20/63 HPs)
             Began as a Deep Elf Summoner on Nov 13, 2023.
             Was the Champion of Elyvilon.
             Shot with an arrow by Nessos (26 damage)
             ... on level 4 of the Lair of Beasts.
             The game lasted 01:26:24 (20016 turns).

AppTheSpectato the Eclecticist (Deep Elf Summoner) Turns: 20016, Time: 01:26:25

Health: -20/63     AC:  7    Str:  5    XL:     13   Next: 73%
Magic:  22/38      EV: 14    Int: 34    God:    Elyvilon [******]
Gold:   627        SH:  0    Dex: 25    Spells: 23/51 levels left

rFire   . . .        f - +5 rapier "Ogopoy" {freeze, Fly rPois Int+3}
rCold   + . .        (no shield)
rNeg    . . .        k - +1 robe of Diywn {Int+5}
rPois   +            (no helmet)
rElec   .            A - +1 cloak
rCorr   .            (no gloves)
SInv    +            l - +1 pair of boots
Will    +....        e - amulet of the acrobat
Stlth   ++++         v - ring of protection from cold
HPRegen 0.30/turn    h - ring of the Castellan {*Slow Dex+10 Slay-2 SInv Stlth+}
MPRegen 0.26/turn

%: slow self (1%), acrobat
@: forested, flying
A: no striking features
a: Renounce Religion, Purification, Heal Other, Heal Self, Divine Vigour


You were on level 4 of the Lair of Beasts.
You worshipped Elyvilon.
Elyvilon was exalted by your worship.
You visited 3 branches of the dungeon, and saw 18 of its levels.

You collected 1159 gold pieces.
You spent 532 gold pieces at shops.

Inventory:

Hand Weapons
 f - the +5 rapier "Ogopoy" (weapon) {freeze, Fly rPois Int+3}
   (You found it on level 3 of the Lair of Beasts)

   Int+3:     It affects your intelligence (+3).
   rPois:     It protects you from poison Fly: It grants you flight.
 V - a +2 great sword of holy wrath
Missiles
 c - 4 darts of dispersal
 H - 8 curare-tipped darts
 P - 2 throwing nets
Armour
 k - the +1 robe of Diywn (worn) {Int+5}
   (You found it on level 2 of the Dungeon)

   Int+5:     It affects your intelligence (+5).
 l - a +1 pair of boots (worn)
 A - a +1 cloak (worn)
 E - a +2 robe of willpower
 O - +0 steam dragon scales
Magical Staves
 J - a staff of air
Jewellery
 e - an amulet of the acrobat (around neck)
 h - the ring of the Castellan (right hand) {*Slow Dex+10 Slay-2 SInv Stlth+}
   (You took it off a wight on level 7 of the Dungeon)

   [ring of see invisible]

   Dex+10:    It affects your dexterity (+10).
   Slay-2:    It affects your accuracy & damage with ranged weapons and melee
   (-2).
   SInv:      It lets you see invisible.
   *Slow:     It may slow you when you take damage.
   Stlth+:    It makes you more stealthy.
 v - a ring of protection from cold (left hand)
 B - a ring of fire
 I - an amulet of guardian spirit
 R - a ring of ice
 T - a +6 ring of strength
 U - a ring of resist corrosion
Wands
 x - a wand of iceblast (19)
 y - a wand of flame (56)
 D - a wand of light (18)
 G - a wand of digging (8)
 K - a wand of paralysis (13)
 Q - a wand of mindburst (17)
Scrolls
 a - 6 scrolls of enchant weapon
 i - a scroll of butterflies {unknown}
 o - 6 scrolls of teleportation
 t - 2 scrolls of fog
 C - 2 scrolls of enchant armour
 N - a scroll of identify
Potions
 b - a potion of magic
 d - 7 potions of mutation
 g - 2 potions of cancellation
 j - 2 potions of enlightenment {unknown}
 m - 4 potions of resistance
 n - 2 potions of berserk rage
 p - 4 potions of lignification
 q - 7 potions of curing
 s - 4 potions of brilliance
 u - 2 potions of attraction
 w - 2 potions of might
 z - a potion of heal wounds {unknown}
 L - a potion of haste {unknown}
Miscellaneous
 S - a lightning rod (4/4)


   Skills:
 + Level 3.1 Dodging
 - Level 3.0 Stealth
 + Level 19.9 Spellcasting
 - Level 2.0 Hexes
 - Level 17.0 Summonings
 - Level 5.0 Translocations
 - Level 5.0 Ice Magic
 - Level 8.0 Invocations


You had 23 spell levels left.
You knew the following spells:

 Your Spells              Type           Power      Damage    Failure   Level
b - Call Canine Familiar  Summ           99%        N/A       0%          3
c - Summon Guardian Gole  Hex/Summ       78%        N/A       1%          3
d - Teleport Other        Tloc           61%        N/A       1%          3
e - Hailstorm             Conj/Ice       50%        3d11      1%          3
f - Summon Cactus Giant   Summ           49%        N/A       1%          6
g - Summon Mana Viper     Hex/Summ       78%        N/A       1%          5
h - Summon Forest         Summ/Tloc      41%        N/A       1%          5

Your spell library contained the following spells:

 Spells                   Type           Power      Damage    Failure   Level
 Summon Small Mammal      Summ           100%       N/A       0%          1
 Call Imp                 Summ           100%       N/A       0%          2
 Freeze                   Ice            100%       1d10      1%          1
 Frozen Ramparts          Ice            100%       1d16      1%          3
 Gell's Gravitas          Tloc           61%        N/A       1%          3
 Summon Lightning Spire   Summ/Air       75%        N/A       1%          4
 Metabolic Englaciation   Hex/Ice        27%        N/A       6%          5
 Olgreb's Toxic Radiance  Pois           33%        N/A       10%         4
 Petrify                  Tmut/Erth      33%        N/A       10%         4
 Dispersal                Tloc           30%        N/A       19%         6
 Discord                  Hex            23%        N/A       100%        8
 Ignition                 Fire           16%        3d7       100%        8


Dungeon Overview and Level Annotations

Branches:
Dungeon (13/15)            Temple (1/1) D:5            Lair (4/5) D:11
 Shoals (0/4) Lair:3        Snake (0/4) Lair:3          Orc (0/2) D:12
  Slime: Lair:4-5    Vaults: D:13-14

Altars:
Cheibriados
Dithmenos
Elyvilon
Fedhas
Gozag
Hepliaklqana
Makhleb
Nemelex Xobeh
Okawaru
Qazlal
Ru
Sif Muna
Trog
Uskayaw
Vehumet
Wu Jian
Xom
Yredelemnul

Shops:
D:2 ?   D:10 :

Annotations:
D:4 Eustachio
D:13 2 runed translucent doors, Mexzoddasi's ghost, journeyman MiBe
Lair:3 1 runed translucent door, zenocrate's ghost, journeyman GrIE
Lair:4 Nessos


Message History

A mana viper appears with a sibilant hiss.
The bullfrog barely misses you.
Nessos mumbles some strange words.
Nessos blinks!
The bullfrog closely misses you.
Nessos casts a spell.
Nessos blinks!
Nessos wields a +2 longbow of flaming.
It bursts into flame!
Nessos shoots an arrow.
The arrow misses you. The bullfrog attacks as it pursues you!
The bullfrog misses you.
Your dryad hits the bullfrog.
Nessos casts a spell.
Nessos blinks!
The bullfrog is waved at by a branch.
Nessos gestures wildly while chanting.
Nessos blinks!
The bullfrog closely misses your dryad.
Your mana viper bites the bullfrog.
Nessos shoots an arrow.
The arrow misses you. The cane toad stings your mana viper.
The bullfrog closely misses your dryad.
Your dryad barely misses the bullfrog.
Your cactus giant hits the bullfrog with a +0 giant spiked club!
The bullfrog dies!
Tree limbs sway around you.
Your mana viper barely misses the cane toad.
Your mana viper bites the cane toad!!
You feel roots moving beneath the ground.
A root smacks Nessos from below!
Nessos shoots an arrow.
The arrow hits you!! The arrow burns you!
Nessos shoots an arrow.
The arrow hits you!!
* * * LOW HITPOINT WARNING * * *
The arrow burns you! Elyvilon protects you from harm! The cane toad misses you.
Your mana viper bites the cane toad!!
Your dryad hits the cane toad but does no damage.
You are healed.
A root smacks Nessos from below!
Nessos shoots an arrow.
The arrow hits you!
* * * LOW HITPOINT WARNING * * *
The arrow burns you.
* * * LOW HITPOINT WARNING * * *
Nessos shoots an arrow.
The arrow closely misses you.
Your mana viper bites the cane toad!
The cane toad dies!
Nessos shoots an arrow.
The arrow hits you!!
You die...

./.^...... .........
......♣♣. .........
##........ .....♣♣.##
#...♣..... ##
######.S....... #
###.#♣..#♣@RC....... ###
#.#.. #...♣..#...... ..##
......#♣......c♣..♣♣
...##...........).....♣#
.......#.....[..♣.........
.......P..............♣...
............♣.........♣...
..........................
.#.........##............


You could see Nessos (fast), a friendly dryad (summoned), a friendly mana viper
(summoned) and a friendly cactus giant (summoned).

Vanquished Creatures
  A killer bee (D:8)
  A centaur zombie (D:7)
  A hound (D:4)
  An adder (D:2)
  3 ball pythons
  An endoplasm (D:4)
  A goblin (D:3)
  A quokka (D:2)
10 creatures vanquished.

Vanquished Creatures (collateral kills)
  Azrael (D:12)
  Snorg (D:12)
  A hydra (Lair:4)
  A centaur warrior (D:13)
  4 two-headed ogres
  2 boulder beetles
  A skyshark (Lair:3)
  Pikel (D:7)
  A deep elf pyromancer (D:12)
  A manticore (D:12)
  An orc knight (D:13)
  2 cyclopes (D:13)
  A salamander (Lair:3)
  Maurice (D:9)
  Joseph (D:7)
  2 black mambas
  A torpor snail (Lair:4)
  2 gargoyles
  A cane toad (shapeshifter) (D:13)
  12 cane toads
  5 rime drakes
  An unseen horror (D:9)
  Jeremiah (D:6)
  Psyche (D:9)
  4 komodo dragons
  2 polar bears
  A troll (D:12)
  A hornet (D:11)
  3 blink frogs (Lair:3)
  Grinder (D:6)
  14 dream sheep
  6 slime creatures (D:13)
  26 yaks
  2 wyverns
  3 wraiths
  A basilisk (shapeshifter) (D:13)
  2 fire elementals (D:12)
  A steam dragon (D:6)
  2 basilisks (Lair:2)
  Menkaure (D:7)
  3 hell hounds (D:12)
  11 water moccasins
  An ice beast (D:7)
  2 sky beasts
  5 orc warriors
  A hornet zombie (D:7)
  An ogre (D:6)
  3 black bears
  15 wolves
  10 centaurs
  2 lemures
  2 phantoms
  4 kobold brigands
  11 bullfrogs
  4 scorpions
  3 gnoll sergeants
  A wyvern zombie (D:7)
  10 wights (D:7)
  14 killer bees
  2 howler monkeys
  An electric eel (Lair:1)
  2 centaur zombies (D:7)
  2 lava snakes (Lair:3)
  A bullfrog zombie (D:7)
  Crazy Yiuf (D:7)
  6 hounds
  A jelly (D:5)
  5 orc priests
  2 sleepcaps (D:7)
  Ijyb (D:4)
  6 iguanas
  12 orc wizards
  3 killer bee zombies (D:7)
  6 adders
  16 gnolls
  14 white imps
  4 dart slugs
  34 orcs
  5 bats
  6 endoplasms
  2 giant cockroaches
  8 goblins
  4 hobgoblins
  4 quokkas
  3 ball pythons
  2 frilled lizards
  18 kobolds
  7 rats
  A spectral orc (D:5)
  A butterfly (Lair:2)
399 creatures vanquished.

Vanquished Creatures (others)
  Erica (D:9)
  A two-headed ogre (D:9)
  Sonja (Lair:1)
  Maggie (D:9)
  Prince Ribbit (D:7)
  A wyvern (D:7)
  A hell hound (D:12)
  An orc warrior (D:10)
  A centaur (D:9)
  2 lemures (D:7)
  2 killer bees (D:7)
  A white imp (D:7)
  A quokka (D:11)
15 creatures vanquished.

Grand Total: 424 creatures vanquished

Notes
Turn   | Place    | Note
-------+----------+-------------------------------------------
     0 | D:1      | AppTheSpectato the Deep Elf Summoner began the quest for
                  | the Orb.
     0 | D:1      | Reached XP level 1. HP: 10/10 MP: 6/6
   147 | D:1      | Reached XP level 2. HP: 15/15 MP: 5/8
   891 | D:2      | Reached XP level 3. HP: 19/19 MP: 8/10
   895 | D:2      | Learned a level 3 spell: Call Canine Familiar
  1020 | D:2      | Found Fooghi Ewka's Magic Scroll Shop.
  1129 | D:2      | Reached skill level 4 in Spellcasting
  1330 | D:2      | Identified the +1 robe of Diywn {Int+5}
  1495 | D:2      | Reached skill level 5 in Summonings
  2219 | D:2      | Reached XP level 4. HP: 16/24 MP: 8/12
  2523 | D:3      | Reached skill level 5 in Spellcasting
  2608 | D:3      | Found a basalt altar of Yredelemnul.
  2660 | D:3      | Found an iron altar of Okawaru.
  2773 | D:3      | Reached XP level 5. HP: 28/28 MP: 11/14
  3000 | D:4      | Noticed Ijyb
  3017 | D:4      | Killed Ijyb
  3176 | D:4      | Noticed Eustachio
  3299 | D:4      | Reached XP level 6. HP: 32/32 MP: 10/15
  3512 | D:5      | Entered Level 5 of the Dungeon
  3580 | D:5      | Found a staircase to the Ecumenical Temple.
  3599 | Temple   | Entered the Ecumenical Temple
  3610 | Temple   | Became a worshipper of Elyvilon the Healer
  3632 | D:5      | Found a snail-covered altar of Cheibriados.
  3753 | D:5      | Found a hazy altar of Hepliaklqana.
  3817 | D:5      | Reached skill level 1 in Invocations
  3942 | D:5      | Reached XP level 7. HP: 36/36 MP: 13/16
  4002 | D:5      | Found a radiant altar of Vehumet.
  4133 | D:5      | Reached skill level 6 in Spellcasting
  4178 | D:5      | Found a shimmering altar of Xom.
  4211 | D:5      | Reached skill level 7 in Spellcasting
  4235 | D:5      | Noticed a two-headed ogre
  4266 | D:5      | Killed a two-headed ogre
  4267 | D:5      | Reached skill level 10 in Spellcasting
  4267 | D:5      | Reached XP level 8. HP: 41/41 MP: 8/24
  4458 | D:6      | Learned a level 3 spell: Summon Guardian Golem
  4538 | D:6      | Reached * piety under Elyvilon
  4551 | D:6      | Noticed Jeremiah
  4568 | D:6      | Killed Jeremiah
  4782 | D:6      | Reached skill level 10 in Summonings
  4853 | D:6      | Reached skill level 1 in Ice Magic
  4937 | D:6      | Reached XP level 9. HP: 45/45 MP: 22/25
  5245 | D:6      | Noticed Grinder
  5258 | D:6      | Killed Grinder
  5438 | D:6      | Found a sparkling altar of Nemelex Xobeh.
  5701 | D:6      | Reached ** piety under Elyvilon
  5945 | D:7      | Found an opulent altar of Gozag.
  5979 | D:7      | Reached skill level 11 in Spellcasting
  6050 | D:7      | Noticed Joseph
  6059 | D:7      | Noticed Prince Ribbit
  6064 | D:7      | Paralysed by Joseph for 5 turns
  6065 | D:7      | Killed Joseph
  6066 | D:7      | Reached skill level 12 in Spellcasting
  6068 | D:7      | Noticed Menkaure
  6239 | D:7      | Reached skill level 1 in Translocations
  6256 | D:7      | Learned a level 3 spell: Teleport Other
  6316 | D:7      | Reached skill level 13 in Spellcasting
  6331 | D:7      | Killed Menkaure
  6387 | D:7      | Found a burning altar of Makhleb.
  6400 | D:7      | Noticed Pikel
  6504 | D:7      | Found an ornate altar of the Wu Jian Council.
  6639 | D:7      | Reached skill level 5 in Invocations
  6690 | D:7      | Reached XP level 10. HP: 50/50 MP: 23/29
  6703 | D:7      | Killed Prince Ribbit
  7122 | D:7      | Identified the ring of the Castellan {*Slow Dex+10 Slay-2
                  | SInv Stlth+}
  7395 | D:7      | Killed Pikel
  7459 | D:7      | Found a stormy altar of Qazlal.
  8220 | D:7      | Found a runed translucent door.
  8221 | D:7      | Noticed Crazy Yiuf
  8381 | D:7      | Killed Crazy Yiuf
  8543 | D:8      | Learned a level 3 spell: Hailstorm
  9026 | D:8      | Reached *** piety under Elyvilon
  9479 | D:9      | Noticed Psyche
  9492 | D:9      | Killed Psyche
  9696 | D:9      | Noticed Erica
  9714 | D:9      | Killed Erica
  9715 | D:9      | Reached skill level 5 in Ice Magic
  9780 | D:9      | Found a blossoming altar of Fedhas.
  9845 | D:9      | Found a sacrificial altar of Ru.
  9869 | D:9      | Noticed a two-headed ogre
  9896 | D:9      | Killed a two-headed ogre
  9897 | D:9      | Reached XP level 11. HP: 54/54 MP: 16/30
  9999 | D:9      | Found a shimmering blue altar of Sif Muna.
 10143 | D:9      | Noticed Maggie
 10154 | D:9      | Killed Maggie
 10310 | D:9      | Noticed Maurice
 10320 | D:9      | Killed Maurice
 10525 | D:9      | Reached **** piety under Elyvilon
 10678 | D:10     | Entered Level 10 of the Dungeon
 10862 | D:10     | Noticed a two-headed ogre
 10869 | D:10     | Found a hide-covered altar of Uskayaw.
 10869 | D:10     | Found a shadowy altar of Dithmenos.
 10926 | D:10     | Found a bloodstained altar of Trog.
 11107 | D:10     | Elyvilon protects you from harm!
 11264 | D:10     | Found Jahegih's Book Emporium.
 11264 | D:10     | Noticed a walking frostbound tome
 11268 | D:10     | Noticed a walking frostbound tome
 11276 | D:10     | Bought a book of the Wilderness for 532 gold pieces
 11283 | D:10     | Learned a level 6 spell: Summon Cactus Giant
 11289 | D:10     | Learned a level 5 spell: Summon Mana Viper
 11295 | D:10     | Learned a level 5 spell: Summon Forest
 11744 | D:10     | Reached ***** piety under Elyvilon
 12029 | D:10     | Killed a two-headed ogre
 12290 | D:11     | Found a white marble altar of Elyvilon.
 12319 | D:11     | Noticed a two-headed ogre
 12326 | D:11     | Killed a two-headed ogre
 12328 | D:11     | Reached skill level 15 in Summonings
 12340 | D:11     | Reached skill level 14 in Spellcasting
 12662 | D:11     | Found a staircase to the Lair.
 13033 | D:12     | Noticed a boulder beetle
 13058 | D:12     | Reached skill level 15 in Spellcasting
 13225 | D:12     | Identified the +0 leather armour "Lijadgh" {rPois Str+4}
 13237 | D:12     | Noticed a deep elf pyromancer
 13253 | D:12     | Killed a deep elf pyromancer
 13433 | D:12     | Noticed a two-headed ogre
 13437 | D:12     | Killed a two-headed ogre
 13438 | D:12     | Reached skill level 16 in Spellcasting
 13511 | D:12     | Found a staircase to the Orcish Mines.
 13765 | D:12     | Noticed Snorg
 13767 | D:12     | Reached XP level 12. HP: 59/59 MP: 23/34
 13773 | D:12     | Killed Snorg
 13804 | D:12     | Killed a boulder beetle
 13885 | D:12     | Noticed Azrael
 13900 | D:12     | Killed Azrael
 13901 | D:12     | Reached skill level 17 in Spellcasting
 14409 | IceCv    | Identified the "Tosathrat"
 14461 | D:13     | Noticed a centaur warrior
 14465 | D:13     | Killed a centaur warrior
 15006 | D:13     | Found a frozen archway.
 15193 | D:13     | Noticed a boulder beetle
 15211 | D:13     | Killed a boulder beetle
 15420 | D:13     | Found a large runed translucent door.
 15420 | D:13     | Found a large runed translucent door.
 15434 | D:13     | Noticed Mexzoddasi's ghost (journeyman MiBe)
 15741 | Lair:1   | Entered Level 1 of the Lair of Beasts
 15902 | Lair:1   | Noticed Sonja
 15923 | Lair:1   | Killed Sonja
 16312 | Lair:1   | Reached skill level 18 in Spellcasting
 16324 | Lair:1   | Elyvilon protects you from harm!
 16377 | Lair:1   | Reached XP level 13. HP: 27/63 MP: 14/37
 17358 | Lair:2   | Reached ****** piety under Elyvilon
 17541 | Lair:2   | Reached skill level 5 in Translocations
 18648 | Lair:3   | Found a staircase to the Shoals.
 18652 | Lair:3   | Reached skill level 19 in Spellcasting
 19118 | Lair:3   | Found a staircase to the Snake Pit.
 19148 | Lair:3   | Identified the +5 rapier "Ogopoy" {freeze, Fly rPois Int+3}
 19289 | Lair:3   | Found a runed translucent door.
 19290 | Lair:3   | Noticed zenocrate's ghost (journeyman GrIE)
 20008 | Lair:4   | Noticed Nessos
 20015 | Lair:4   | HP: 1/63 [Nessos/arrow (22)]
 20015 | Lair:4   | Elyvilon protects you from harm!
 20016 | Lair:4   | Shot with an arrow by Nessos

Illustrated notes

Levels and vault maps discovered:
D:1:      psy_arrival_basics, layout_loops_ring
D:2:      layout_basic, serial_shops, nicolae_shop_window_shopping
D:3:      layout_basic, nicolae_overflow_crystal_walls,
          mainiacjoe_overflow_alcove_2
D:4:      layout_rooms, minmay_misc_feat_enclosed, uniq_ijyb, uniq_eustachio
D:5:      layout_rooms, nicolae_vehumet_altar_sigil,
          nicolae_hepliaklqana_monster_ancestors,
          mainiacjoe_overflow_six_doors_small, lemuel_crystal_altar,
          minmay_temple_entry_statues_fountains
D:6:      kennysheep_six_static_rooms, layout_layer_cave,
          nemelex_spade_bored_becter, uniq_jeremiah, uniq_grinder
D:7:      layout_cave_pools, mainiacjoe_overflow_concentric_impassable,
          mainiacjoe_overflow_paths, nicolae_qazlal_general_emergency,
          nicolae_overflow_hidden_temple, serial_undead, serial_undead_d,
          serial_undead_f, serial_undead_f, serial_undead_d, uniq_menkaure,
          uniq_pikel, uniq_crazy_yiuf_cottage, uniq_joseph, uniq_prince_ribbit1
D:8:      layout_loops_cross
D:9:      layout_loops_corners, kennysheep_orc_sif_temple, fedhas_altar_2,
          nicolae_ru_sacrificial_ziggurat, uniq_maggie, uniq_maurice,
          uniq_erica, uniq_psyche
D:10:     layout_stronghold, lightli_temple_of_fire,
          mainiacjoe_overflow_large_starburst, serial_shops,
          nicolae_shop_mannequins
D:11:     layout_roguey, lair_entry_dummy, elyvilon_altar_4
D:12:     layout_roguey, minmay_orc_entry_temple_small, uniq_snorg, uniq_azrael
D:13:     layout_basic, portal_ice_cave_entry_imps, ebering_ghost_disaster_area
Temple:   ebering_the_one_and_only
Lair:1:   layout_regular_city, nicolae_quartered_pool_impasse,
          grunt_megastairs_4, serial_bayou_shore_b, serial_bayou_shore_a,
          lemuel_fruit_tree, uniq_sonja
Lair:2:   layout_regular_city, lemuel_fruit_fields
Lair:3:   layout_hall_layers, minmay_shoals_entry_centaurs,
          nicolae_snake_entry_warm_welcome, gammafunk_ghost_grave
Lair:4:   layout_cave_shapes, slime_entry_2, uniq_nessos

Skill      XL: |  1  2  3  4  5  6  7  8  9 10 11 12 13 |
---------------+----------------------------------------+-----
Stealth        | 3 |  3.0
Dodging        | 3 |  3.1
Spellcasting   | 4 5 10 13 16 18 19 | 19.9
Summonings     | 5 7 8 10 13 15 17 | 17.0
Invocations    | 2 3 5 8 |  8.0
Ice Magic      | 2 3 5 |  5.0
Hexes          | 2 |  2.0
Translocations | 2 3 5 |  5.0

Action                     |  1- 3 |  4- 6 |  7- 9 | 10-12 | 13-15 || total
---------------------------+-------+-------+-------+-------+-------++-------
  Melee: Unarmed           |     4 |       |       |       |       ||     4
         Dagger            |     8 |    19 |     5 |    28 |     1 ||    61
         Great sword       |       |       |       |       |     1 ||     1
   Cast: Summon Small Mamm |    79 |    43 |     8 |     2 |       ||   132
         Call Canine Famil |       |    18 |    42 |    69 |     3 ||   132
         Summon Guardian G |       |       |    16 |    32 |       ||    48
         Hailstorm         |       |       |       |     2 |       ||     2
         Summon Cactus Gia |       |       |       |    49 |    33 ||    82
         Summon Forest     |       |       |       |    21 |    18 ||    39
         Summon Mana Viper |       |       |       |    29 |    15 ||    44
         Teleport Other    |       |       |       |     2 |       ||     2
 Invoke: Purification      |       |       |       |     2 |       ||     2
         Heal Self         |       |       |       |     1 |     1 ||     2
    Use: Scroll            |       |       |       |    20 |       ||    20
         Potion            |       |       |       |     3 |       ||     3
 Armour: Robe              |    20 |    14 |    15 |    82 |    30 ||   161
  Dodge: Dodged            |    63 |    37 |    54 |   215 |    45 ||   414

Table legend: (Time is in decaauts)
 A = Elapsed time spent in this place.
 B = Non-inter-level travel time spent in this place.
 C = Inter-level travel time spent in this place.
 D = Time resting spent in this place.
 E = Time spent auto-exploring this place.
 F = Levels seen in this place.
 G = Mean time per level.
                   A        B        C        D        E       F      G
               +--------+--------+--------+--------+--------+-----+--------+
         Total |  20038 |  19033 |   1005 |   2686 |  11935 |  18 | 1113.2 |
       Dungeon |  15732 |  14838 |    894 |   2081 |   9166 |  13 | 1210.2 |
        Temple |     14 |     14 |      0 |      0 |      0 |   1 |   14.0 |
          Lair |   4290 |   4179 |    111 |    605 |   2769 |   4 | 1072.5 |
               +--------+--------+--------+--------+--------+-----+--------+

Top non-repeatable levels by time:
     D:6: 2550 daAuts
  Lair:1: 1541 daAuts
     D:7: 1496 daAuts
    D:10: 1489 daAuts
    D:12: 1395 daAuts
  Lair:2: 1315 daAuts
    D:13: 1282 daAuts
     D:9: 1263 daAuts
     D:2: 1204 daAuts
  Lair:3: 1202 daAuts
     D:8: 953 daAuts
    D:11: 898 daAuts
     D:5: 892 daAuts
     D:1: 841 daAuts
     D:3: 769 daAuts
